 Dungeon Crawl Stone Soup version 0.22-a0-772-gac08f70 (webtiles) character file.

2345 Deathmic the Spear-Bearer (level 9, -7/105 HPs)
             Began as a Green Draconian Berserker on July 17, 2018.
             Was an Elder of Trog.
             Mangled by an orc warrior
             ... wielding the +3 flail of the Vaults {crush, rF+}
              (15 damage)
             ... on level 7 of the Dungeon.
             The game lasted 00:12:34 (8367 turns).

Deathmic the Spear-Bearer (DrBe)                    Turns: 8367, Time: 00:12:34

Health: -7/105     AC:  8    Str: 33    XL:     9   Next: 20%
Magic:  9/9        EV: 12    Int:  7    God:    Trog [****..]
Gold:   305        SH:  0    Dex: 10    Spells: 8/8 levels left

rFire    . . .     SeeInvis .   m - +0 trident
rCold    + . .     Gourm    .   (no shield)
rNeg     . . .     Faith    .   (armour unavailable)
rPois    +         Spirit   .   (helmet restricted)
rElec    .         Reflect  .   (no cloak)
rCorr    .         Harm     .   (no gloves)
MR       +++..                  j - +0 pair of boots
Stlth    ..........             (no amulet)
HPRegen  1.27/turn              g - +4 ring of strength
MPRegen  0.11/turn              o - ring of ice

@: berserking (expiring), regenerating, very quick
A: breathe noxious fumes, unfitting armour, fire resistance 1, magic resistance
1, poison resistance, cold-blooded, AC +7
a: Breathe Noxious Fumes, Berserk, Trog's Hand, Brothers in Arms, Renounce
Religion


You were on level 7 of the Dungeon.
You worshipped Trog.
Trog was greatly pleased with you.
You were not hungry.

You visited 1 branch of the dungeon, and saw 7 of its levels.

You collected 305 gold pieces.

Inventory:

Hand Weapons
 a - a +0 spear
 m - a +0 trident (weapon)
Armour
 j - a +0 pair of boots (worn)
Jewellery
 g - a +4 ring of strength (left hand)
 o - a ring of ice (right hand)
Wands
 r - a wand of paralysis (7)
 s - a wand of enslavement (16)
Scrolls
 d - 2 scrolls of teleportation
 e - 3 scrolls of identify
 f - 4 scrolls of remove curse
 h - a scroll of fear
 n - a scroll of magic mapping
 p - a scroll of blinking
Potions
 c - 3 potions of heal wounds
 i - a potion of flight
 k - a potion of ambrosia
 l - a potion of cancellation
Comestibles
 b - 9 rations


   Skills:
 - Level 3.2 Fighting
 + Level 12.4 Polearms
 - Level 2.6 Dodging


You had 8 spell levels left.
You didn't know any spells.
Your spell library was empty.

Dungeon Overview and Level Annotations

Branches:
Dungeon (7/15)             Temple (0/1) D:5

Altars:
Elyvilon
Makhleb
Beogh

Shops:
D:7 %

Annotations:
D:7 pk666's ghost, amateur DEFE


Innate Abilities, Weirdness & Mutations

You can breathe blasts of noxious fumes.
Your lurid green scales are hard. (AC +7)
You cannot fit into any form of body armour.
Your system is resistant to poisons. (rPois)
You are cold-blooded and may be slowed by cold attacks.
Your flesh is heat resistant. (rF+)
You are resistant to hostile enchantments. (MR+)


Message History

The orc warrior is in the way.
You closely miss the orc warrior.
The orc warrior is heavily wounded.
The orc warrior hits you with a scorched flail {crush}!!
* * * LOW HITPOINT WARNING * * *
x2 The orc warrior barely misses you.
The orc hits you but does no damage.
Attack whom?
Press: ? - help, Dir - move target cursor, f/p - orc priest
Aim: an orc priest, wielding a mace of crushing (almost dead)
The orc is in the way.
You impale the orc!!
You kill the orc!
Trog accepts your kill.
You are too berserk!
Attack whom?
Press: ? - help, Dir - move target cursor, f/p - orc priest
Aim: an orc priest, wielding a mace of crushing (almost dead)
You reach to attack!
You puncture the orc priest!
You kill the orc priest!
Trog accepts your kill.
The orc warrior hits you with a scorched flail {crush}!
You die...

#.# #......
#.###.##### ###
#.#.[....).
#8########.#.####.
#.#.... 8#.#.#..'>
#.#..##..#.#)#[##.
#.#..#8..#.#.#.##.
#.#o.##..#.#.#.##.
#@#o#....#.#'#+##+
##oW)#...[#........
#.ooo#.8._#........
#..'.#.$..#........
#..#.#....#........
#..#..##..#.#'#'###
#..#..#8..#.#.#.#
#..#!.##..#.#.#.#
#..#.....8#.#.#.#


You could see 2 orc warriors, pk666's ghost and 4 orcs.

Vanquished Creatures
  Grinder (D:6)
  A spriggan (D:7)
  Edmund (D:6)
  An ice beast (D:7)
  A black bear (D:6)
  2 phantoms
  4 centaurs
  An ogre (D:7)
  A bullfrog (D:5)
  A water moccasin skeleton (D:5)
  A bullfrog zombie (D:4)
  A centaur zombie (D:5)
  5 hounds
  8 orc priests
  2 iguanas
  5 orc wizards
  5 worker ants
  A killer bee zombie (D:5)
  3 hound skeletons
  7 adders
  A shadow imp (D:7)
  An ooze (D:4)
  3 worms
  An adder skeleton (D:4)
  A dart slug (D:3)
  4 leopard geckos
  33 orcs
  A ball python (D:3)
  7 giant cockroaches
  8 goblins
  8 hobgoblins
  2 jackals (D:3)
  2 quokkas
  6 bats
  8 frilled lizards
  7 kobolds
  A leopard gecko skeleton (D:6)
  5 rats
151 creatures vanquished.

Vanquished Creatures (others)
  A plant (D:4)
1 creature vanquished.

Grand Total: 152 creatures vanquished

Notes
Turn   | Place    | Note
-------+----------+-------------------------------------------
     0 | D:1      | Deathmic the Draconian Berserker began the quest for the Orb.
     0 | D:1      | Reached XP level 1. HP: 19/19 MP: 1/1
   198 | D:1      | Reached XP level 2. HP: 20/26 MP: 2/2
   489 | D:1      | Reached skill level 4 in Polearms
   801 | D:2      | Reached XP level 3. HP: 25/31 MP: 3/3
  1010 | D:2      | Reached ** piety under Trog
  1060 | D:2      | Reached skill level 5 in Polearms
  1060 | D:2      | Reached XP level 4. HP: 28/38 MP: 4/4
  1561 | D:3      | Reached XP level 5. HP: 33/45 MP: 5/5
  1829 | D:3      | Reached skill level 6 in Polearms
  2232 | D:3      | Found a white marble altar of Elyvilon.
  2745 | D:3      | Gained mutation: You are resistant to hostile enchantments. (MR+) [potion of mutation]
  2745 | D:3      | Gained mutation: Your flesh is heat resistant. (rF+) [potion of mutation]
  2882 | D:4      | Noticed a phantom
  3097 | D:4      | Reached *** piety under Trog
  3144 | D:4      | Killed a phantom
  3144 | D:4      | Reached skill level 7 in Polearms
  3144 | D:4      | Reached XP level 6. HP: 46/51 MP: 6/6
  4406 | D:5      | Entered Level 5 of the Dungeon
  4408 | D:5      | Reached skill level 8 in Polearms
  4415 | D:5      | Your scales start taking on a lurid green colour.
  4415 | D:5      | Reached XP level 7. HP: 56/57 MP: 7/7
  4415 | D:5      | Gained mutation: Your system is resistant to poisons. (rPois) [Green Draconian growth]
  4601 | D:5      | Reached skill level 9 in Polearms
  4689 | D:5      | Found a burning altar of Makhleb.
  5122 | D:5      | Reached XP level 8. HP: 56/63 MP: 8/8
  5176 | D:5      | Found a staircase to the Ecumenical Temple.
  5443 | D:6      | Reached skill level 10 in Polearms
  5746 | D:6      | Noticed Edmund
  5772 | D:6      | Killed Edmund
  5975 | D:6      | Noticed Grinder
  5990 | D:6      | Paralysed by Grinder for 4 turns
  6007 | D:6      | Killed Grinder
  6007 | D:6      | Reached **** piety under Trog
  6007 | D:6      | Reached skill level 11 in Polearms
  7451 | D:7      | Reached skill level 12 in Polearms
  7451 | D:7      | Reached XP level 9. HP: 69/70 MP: 9/9
  7601 | D:7      | Found Ypriv's Food Shoppe.
  7718 | D:7      | Found a runed gate.
  7718 | D:7      | Noticed pk666's ghost (amateur DEFE)
  7719 | D:7      | Found a runed gate.
  7720 | D:7      | Found a runed gate.
  8338 | D:7      | Found a roughly hewn altar of Beogh.
  8367 | D:7      | Identified the +3 flail of the Vaults {crush, rF+}
  8367 | D:7      | Mangled by an orc warrior

Vault maps used:
D:1:      mushboom_english_gardens
D:3:      first_ration, kennysheep_donut, grunt_ministairs_5, elyvilon_altar_5
D:4:      lemuel_upstairs_altar, serial_bayou_pond_c
D:5:      lemuel_ice_spiral_2, makhleb_heckhound_becter,
          minmay_temple_entry_butterflies
D:6:      centaur_isle, uniq_grinder, uniq_edmund
D:7:      biasface_ghost_orc_armoury, serial_shops, shop_statue,
          minmay_misc_feat_tiny, the_bakery

Skill      XL: |  1  2  3  4  5  6  7  8 |
---------------+-------------------------+-----
Polearms       | 4 5 7 8 9 12 | 12.4
Fighting       | |  3.2
Dodging        | |  2.6

Action                   |  1- 3 |  4- 6 |  7- 9 || total
-------------------------+-------+-------+-------++-------
Melee: Spear             |   111 |   316 |   207 ||   634
       Tailslap          |     5 |    32 |    39 ||    76
       Trident           |       |       |    72 ||    72
Invok: Berserk           |       |     4 |     4 ||     8
       Trog's Hand       |       |       |     2 ||     2
  Use: Scroll            |     3 |     8 |     2 ||    13
       Potion            |     2 |     4 |     4 ||    10
 Stab: Sleeping          |     3 |     1 |       ||     4
  Eat: Chunk             |       |    15 |     7 ||    22
       Ration            |       |       |     3 ||     3
Armor: Skin              |    23 |    43 |    39 ||   105
Dodge: Dodged            |    62 |   108 |    86 ||   256

Table legend:
 A = Spawn XP
 B = Non-spawn XP
 C = Spawn XP percentage of total XP
 D = Spawn monster count
 E = Non-spawn monster count
 F = Spawn count percentage of total count
 G = Total turns spent on level
                    A         B        C        D         E        F      G
               +---------+---------+-------+---------+---------+-------+---------
         Total |       0 |    3351 |   0.0 |       0 |     151 |   0.0 |  8367
               +---------+---------+-------+---------+---------+-------+---------
           D:1 |       0 |      37 |   0.0 |       0 |      22 |   0.0 |   788
           D:2 |       0 |      90 |   0.0 |       0 |      16 |   0.0 |   592
           D:3 |       0 |     198 |   0.0 |       0 |      33 |   0.0 |  1452
           D:4 |       0 |     357 |   0.0 |       0 |      19 |   0.0 |  1574
           D:5 |       0 |     765 |   0.0 |       0 |      16 |   0.0 |  1058
           D:6 |       0 |    1183 |   0.0 |       0 |      24 |   0.0 |  1614
           D:7 |       0 |     721 |   0.0 |       0 |      21 |   0.0 |  1289
               +---------+---------+-------+---------+---------+-------+---------
